Map: Acid Plant LE

Players

Lolebiv

  • Race: Zerg Zerg
  • League: Master
  • Spawn Location: 11:00

Starlord - Winner!

  • Race: Protoss Protoss
  • League: Grandmaster
  • Spawn Location: 5:00

VOD

Have the link to the VOD?

Description

Time

  • Played on: April 29, 2018, 11:55 p.m.
  • Length: 6:33
Show
View Real Time Build Order
Export as new Build Order

Lolebiv Zerg 

Build Orders: Hatch First 

Get SALT Encoding   

  12  0:00  Drone  
  13  0:13  Overlord  
  13  0:17  Drone  
  14  0:31  Drone x2  
  16  0:37  Drone  
  17  0:53  Hatchery  
  17  0:56  Drone  
  17  1:02  Drone  
  18  1:14  Spawning Pool  
  18  1:17  Drone  
  18  1:23  Drone  
  19  1:29  Drone  
  20  1:43  Drone  
  21  2:03  Queen, Hatchery  
  21  2:05  Queen  
  24  2:11  Overlord  
  24  2:15  Drone  
  25  2:17  Drone  
  26  2:23  Overlord  
  26  2:33  Drone x4  
  30  2:41  Zergling x2  
  30  2:44  Queen  
  31  2:50  Queen  
  35  2:57  Zergling x2, Extractor  
  35  2:58  Zergling x2, Extractor  
  36  3:00  Zergling x2  
  36  3:01  Zergling x2  
  36  3:17  Drone x2  
  36  3:18  Drone x5  
  43  3:25  Drone x2  
  43  3:26  Drone  
  46  3:33  Overlord  
  46  3:42  Lair  
  46  3:44  Roach Warren  
  45  3:49  Drone  
  45  3:50  Drone x2  
  45  3:53  Overlord  
  48  4:00  Overlord  
  48  4:02  Drone x2  
  50  4:07  Drone x3  
  55  4:17  Queen  
  55  4:24  Drone x3  
  59  4:25  Drone  
  61  4:33  Roach x3  
  61  4:34  Roach  
  69  4:40  Overseer  
  67  4:53  Glial Reconstitution  
  62  5:02  Hatchery  
  61  5:08  Drone x6  
  61  5:13  Overlord x4  
  67  5:39  Roach  
  67  5:40  Roach x11  
  84  5:50  Overlord  
Show
View Real Time Build Order
Export as new Build Order

Starlord Protoss - Winner!

Build Orders: 1 Gate Expand, Zealot Archon, Dark Templar Rush 

Get SALT Encoding   

  12  0:01  Probe  
  13  0:13  Probe  
  14  0:20  Pylon  
  14  0:25  Probe  
  15  0:36  Probe  
  15  0:40  Gateway  
  16  0:44  Probe  
  17  0:50  Assimilator  
  17  0:52  Probe  
  18  1:05  Probe  
  19  1:17  Probe  
  20  1:24  Nexus  
  20  1:34  Cybernetics Core  
  20  1:37  Probe  
  21  1:42  Assimilator  
  21  1:49  Probe  
  22  2:02  Pylon, Probe  
  23  2:12  Adept  
  23  2:19  Warp Gate  
  23  2:20  Probe  
  26  2:24  Twilight Council  
  26  2:32  Probe  
  26  2:33  Probe  
  28  2:42  Probe  
  28  2:44  Robotics Facility  
  28  2:45  Probe  
  30  2:53  Probe  
  30  2:57  Probe  
  32  3:05  Probe  
  33  3:09  Probe  
  34  3:17  Dark Shrine, Probe, Assimilator  
  35  3:21  Probe  
  36  3:28  Gateway  
  36  3:29  Probe  
  36  3:32  Warp Prism  
  36  3:33  Gateway  
  37  3:36  Gateway  
  37  3:44  Probe  
  37  3:46  Probe  
  41  3:55  Pylon  
  41  3:56  Probe  
  41  3:58  Probe  
  41  4:02  Pylon  
  43  4:09  Probe  
  44  4:19  Probe  
  44  4:21  Probe  
  46  4:29  Dark Templar x3  
  46  4:31  Dark Templar  
  54  4:36  Warp Prism  
  54  4:37  Charge  
  54  4:45  Probe  
  55  4:50  Gateway  
  57  4:53  Gateway  
  57  5:11  Gateway  
  57  5:12  Immortal, Pylon  
  57  5:13  Pylon  
  61  5:14  Archon x2, Gateway  
  61  5:24  Pylon  
  61  5:45  Dark Templar x2  
  61  5:46  Dark Templar  
  61  5:48  Dark Templar  
  69  6:21  Zealot x7  
  69  6:28  Assimilator  
  69  6:29  Pylon  
  69  6:30  Pylon  
  69  6:31  Pylon x2  
Tags
 
Add a new tag
Caveats
  • Supply blocks, unpowered buildings, or Contaminate may cause inaccurate times.
  • Supply counts are checked every 10 seconds.